 Dungeon Crawl Stone Soup version 0.30-a0-760-g5a9884bb7c (webtiles) character file.

Game seed: 2708476633389818686

190910 cforsyth the Pyromancer (level 18, -1/174 HPs)
             Began as a Tengu Air Elementalist on Feb 11, 2023.
             Was an Elder of Vehumet.
             Slain by an anaconda (8 damage)
             ... led by a naga ritualist
             ... on level 2 of the Lair of Beasts.
             The game lasted 02:33:11 (54693 turns).

cforsyth the Pyromancer (Tengu Air Elementalist)   Turns: 54693, Time: 02:33:12

Health: -1/174     AC: 10    Str:  9    XL:     18   Next: 18%
Magic:  3/41       EV: 20    Int: 23    God:    Vehumet [****..]
Gold:   1766       SH:  5    Dex: 15    Spells: 11/36 levels left

rFire   + + .      SeeInvis .    N - +1 whip of Aleus {venom, rElec rF+}
rCold   . . .      Faith    .    (no shield)
rNeg    + . .      Spirit   .    H - +0 troll leather armour
rPois   +          Reflect  +    (helmet restricted)
rElec   +          Harm     .    Y - +2 cloak {Stlth+}
rCorr   .          Rampage  .    J - +2 pair of gloves
Will    +....                    (boots unavailable) Stlth
                                 O - amulet of reflection
HPRegen 1.29/turn                V - ring "Timoram" {Wiz rF+}
MPRegen 0.27/turn                P - ring of Vuomoaci {rPois rN+ MP+9 Int+2 Dex-2}

@: mighty, berserking, flying quickly and evasively, constricted, studying Maces
& Flails, very quick
A: beak, talons 3, nimble flight
}: 1/15 runes: decaying
a: Renounce Religion


You were on level 2 of the Lair of Beasts.
You worshipped Vehumet.
Vehumet was greatly pleased with you.
You visited 6 branches of the dungeon, and saw 28 of its levels.
You also visited: Gauntlet and Ice Cave.

You collected 4410 gold pieces.
You spent 2644 gold pieces at shops.

Inventory:

Hand Weapons
 z - the +7 hand axe of Diteep Kuyff {drain, rN+}
   (You found it on level 6 of the Dungeon)

   rN:        It protects you from negative energy.
 D - the +9 spear of Cheese {heavy, *Slow rPois rC+++ Int+4}
   (You found it in a Gauntlet)

   Int:       It affects your intelligence (+4).
   rC:        It renders you almost immune to cold.
   rPois:     It protects you from poison.
   *Slow:     It may slow you when you take damage.
 N - the +1 whip of Aleus (weapon) {venom, rElec rF+}
   (You found it in a Gauntlet)

   rF:        It protects you from fire.
   rElec:     It insulates you from electricity.
 T - the +8 whip "Snakebite" {venom, curare, rPois}
   (You found it on level 4 of the Lair of Beasts)

   rPois:     It protects you from poison.
Missiles
 F - 2 throwing nets
Armour
 x - the +1 hat "Fuetsas" {rPois MP-9 Int+3}
   (You found it in a Gauntlet)

   Int:       It affects your intelligence (+3).
   rPois:     It protects you from poison.
   MP:        It affects your magic capacity (-9).
 B - an orb of energy
 H - a +0 troll leather armour (worn)
 J - a +2 pair of gloves (worn)
 U - a +1 robe of cold resistance
 Y - a +2 cloak of stealth (worn)
Jewellery
 b - a +6 ring of dexterity
 f - a +6 ring of strength
 k - an amulet of regeneration
 r - a ring of wizardry
 w - a +5 ring of evasion
 A - a ring of positive energy
 I - an amulet of guardian spirit
 K - a ring of resist corrosion
 O - an amulet of reflection (around neck)
 P - the ring of Vuomoaci (right hand) {rPois rN+ MP+9 Int+2 Dex-2}
   (You found it in a Gauntlet)

   [ring of magical power]

   Int:       It affects your intelligence (+2).
   Dex:       It affects your dexterity (-2).
   rPois:     It protects you from poison.
   rN:        It protects you from negative energy.
   MP:        It affects your magic capacity (+9).
 V - the ring "Timoram" (left hand) {Wiz rF+}
   (You found it on level 5 of the Lair of Beasts)

   [ring of wizardry]

   It improves your spell success rate.
   rF:        It protects you from fire.
 W - a ring of wizardry
Wands
 j - a wand of charming (12)
 o - a wand of polymorph (9)
 v - a wand of light (11)
 y - a wand of iceblast (7)
 C - a wand of mindburst (12)
 S - a wand of flame (11)
Scrolls
 a - a scroll of torment
 e - a scroll of silence
 h - 3 scrolls of fog
 l - 6 scrolls of enchant weapon
 n - 2 scrolls of enchant armour
 p - 5 scrolls of teleportation
 u - a scroll of magic mapping
 E - 2 scrolls of poison
 R - 2 scrolls of blinking
Potions
 c - 3 potions of lignification
 d - 13 potions of curing
 g - 5 potions of mutation
 i - 5 potions of might
 m - 5 potions of haste
 q - 2 potions of cancellation
 s - 7 potions of brilliance
 t - 6 potions of resistance
 G - 3 potions of ambrosia
 M - 4 potions of attraction
 Q - a potion of heal wounds


   Skills:
 - Level 13.9 Fighting
 - Level 15.3 Dodging
 - Level 2.0 Stealth
 + Level 9.7 Spellcasting
 + Level 13.2 Conjurations
 + Level 22.4 Fire Magic
 - Level 18.1 Air Magic


You had 11 spell levels left.
You knew the following spells:

 Your Spells              Type           Power      Damage    Failure   Level
a - Shock                 Conj/Air       100%       1d9       0%          1
b - Swiftness             Air            76%        N/A       0%          3
c - Airstrike             Air            38%        2d(6-22)  1%          4
d - Static Discharge      Conj/Air       100%       2-7/arc   0%          2
e - Lightning Bolt        Conj/Air       35%        1d53      1%          5
f - Arcjolt               Conj/Air       35%        1d45      1%          5
g - Fireball              Conj/Fire      38%        3d16      1%          5

Your spell library contained the following spells:

 Spells                   Type           Power      Damage    Failure   Level
 Spellforged Servitor     Conj/Summ      20%        N/A       41%         7
 Kiss of Death            Conj/Necr      100%       2d13      1%          1
 Magic Dart               Conj           100%       1d8       1%          1
 Sandblast                Erth           22%        2d7       1%          1
 Poisonous Vapours        Pois/Air       100%       N/A       1%          2
 Ignite Poison            Fire/Tmut/Pois 45%        N/A       1%          3
 Kindle Blastsparks       Fire/Tloc/Air  100%       2d18      1%          3
 Mephitic Cloud           Conj/Pois/Air  56%        N/A       1%          3
 Stone Arrow              Conj/Erth      82%        3d12      1%          3
 Summon Lightning Spire   Summ/Air       51%        N/A       1%          4
 Freezing Cloud           Conj/Ice/Air   28%        6-21      1%          5
 Irradiate                Conj/Tmut      20%        3d18      1%          5
 Iskenderun's Battlesphe  Conj           64%        2d11      1%          5
 Conjure Ball Lightning   Conj/Air       35%        3x3d11    1%          6
 Slow                     Hex            44%        N/A       3%          1
 Summon Small Mammal      Summ           44%        N/A       3%          1
 Orb of Destruction       Conj           32%        9d10      3%          7
 Call Imp                 Summ           11%        N/A       4%          2
 Passwall                 Tmut/Erth      9%         N/A       4%          2
 Call Canine Familiar     Summ           11%        N/A       10%         3
 Confusing Touch          Hex            11%        N/A       10%         3
 Gell's Gravitas          Tloc           11%        N/A       10%         3
 Ozocubu's Armour         Ice            11%        N/A       10%         3
 Summon Guardian Golem    Hex/Summ       11%        N/A       10%         3
 Teleport Other           Tloc           11%        N/A       10%         3
 Tukima's Dance           Hex            11%        N/A       10%         3
 Vampiric Draining        Necr           11%        2d6       10%         3
 Iron Shot                Conj/Erth      20%        9d5       10%         6
 Yara's Violent Unravell  Hex/Tmut       5%         3d4       22%         5
 Dispel Undead            Necr           11%        3d9       32%         4
 Leda's Liquefaction      Hex/Erth       5%         N/A       32%         4
 Passage of Golubria      Tloc           11%        N/A       32%         4
 Alistair's Intoxication  Tmut/Pois      7%         N/A       63%         5
 Blade Hands              Tmut           5%         N/A       63%         5
 Borgnjor's Vile Clutch   Necr/Erth      5%         N/A       63%         5
 Eringya's Noxious Bog    Tmut/Pois      5%         N/A       69%         6
 Chain Lightning          Conj/Air       35%        3d46      71%         9
 Dispersal                Tloc           5%         N/A       99%         6
 Ozocubu's Refrigeration  Ice            5%         4d8       99%         7
 Dragon Form              Tmut           5%         N/A       100%        7


Dungeon Overview and Level Annotations

Branches:
Dungeon (15/15)            Temple (1/1) D:5            Lair (5/5) D:10
  Swamp (4/4) Lair:2        Snake (1/4) Lair:2        Slime (0/5) Lair:5
    Orc (2/2) D:10            Elf (0/3) Orc:2        Vaults (0/5) D:14
 Depths (0/4) D:15          IceCv (visited)         Gauntlet (visited)

Altars:
Cheibriados
Dithmenos
Elyvilon
Fedhas
Gozag
Kikubaaqudgha
Makhleb
Nemelex Xobeh
Okawaru
Ru
Vehumet
Wu Jian
Zin
The Shining One
Jiyva

Shops:
D:5 (   D:9 *   Orc:2 [:*[(?

Portals:
Trove: D:10 (give horn of Geryon)

Annotations:
D:6 2 transporters, Dittersdorf's ghost, novice GrFi
D:12 4 runed translucent doors
Lair:4 1 runed translucent door, GuildmasterMusic's ghost, journeyman MiFi


Innate Abilities, Weirdness & Mutations

You have a beak for a mouth.
You have claws for feet.
Your magical nature lets you fly swiftly and evasively.


Message History

You feel very mighty all of a sudden. The anaconda grabs you.
You block the anaconda's attack. The anaconda constricts you.
* * * LOW HITPOINT WARNING * * *
The anaconda closely misses you. The anaconda constricts you.
* * * LOW HITPOINT WARNING * * *
A red film seems to cover your vision as you go berserk!
You feel yourself moving faster!
You feel mighty! The anaconda bites you!
* * * LOW HITPOINT WARNING * * *
The anaconda constricts you.
* * * LOW HITPOINT WARNING * * *
The anaconda bites you!
* * * LOW HITPOINT WARNING * * *
The anaconda constricts you.
* * * LOW HITPOINT WARNING * * *
You completely miss the anaconda.
The anaconda is almost dead.
The anaconda bites you.
* * * LOW HITPOINT WARNING * * *
The anaconda constricts you.
* * * LOW HITPOINT WARNING * * *
You closely miss the anaconda. Your kick misses the anaconda.
The anaconda is almost dead.
The anaconda barely misses you. The anaconda constricts you.
The anaconda completely misses you. The anaconda constricts you.
* * * LOW HITPOINT WARNING * * *
You barely miss the anaconda. Your kick misses the anaconda.
The anaconda is almost dead.
The anaconda bites you but does no damage.
The anaconda constricts you.
* * * LOW HITPOINT WARNING * * *
You barely miss the anaconda. Your kick misses the anaconda.
The anaconda is almost dead.
The anaconda barely misses you. The anaconda constricts you.
* * * LOW HITPOINT WARNING * * *
You barely miss the anaconda. Your kick misses the anaconda.
Your peck misses the anaconda.
The anaconda is almost dead.
The anaconda bites you!
You die...

#.####.###.....##....
##.###..###...........
#...#...##P...........
##......###...........
####.#####.......<...
##~♣....≈##....###....
#~.~~....~#...## ###..
#.~♣♣.♣♣.~#.).# ##.
###♣.♣.@.♣..#..[### #..
#......S........#.# #..
#.#~.♣...♣~.#.....# ####
##.#~~♣♣.♣♣~~#...#.# ♣.♣♣
#..#♣♣.~...~~#...#.# ♣♣.♣
#..##.~~..♣≈##.##..#♣♣.♣♣
#...####.#########.#♣.♣♣♣
###..............##.#♣...♣
##.####...........P..#.###.


You could see an anaconda.

Vanquished Creatures
  Nikola (Swamp:2)
  Rupert (D:14)
  Mlioglotl (Swamp:3)
  2 ghouls (Swamp:2)
  A juggernaut zombie (D:15)
  A caustic shrike zombie (D:15)
  A quicksilver ooze (D:12)
  4 eleionomae
  Nessos (D:13)
  6 bunyips
  Josephine (D:12)
  A spriggan zombie (D:15)
  Erolcha (Orc:2)
  8 vault guards (D:14)
  A rakshasa (D:14)
  16 hydras
  3 anacondas
  3 centaur warriors
  3 ghost crabs
  A boulder beetle (Lair:2)
  A death knight (D:12)
  5 two-headed ogres
  2 catoblepae
  2 tengu warriors
  A vampire mage (D:15)
  4 death yaks
  5 alligators
  2 naga sharpshooters (Snake:1)
  A fire crab (Lair:2)
  5 orc high priests
  2 skysharks
  3 sea snakes
  9 skeletal warriors
  5 goliath frogs
  3 spriggan druids
  4 swamp dragons
  6 bog bodies
  5 spectral hydras
  A necromancer (D:15)
  3 phantasmal warriors (Swamp:4)
  An orc knight (D:14)
  A sphinx zombie (D:15)
  An obsidian statue (Gauntlet)
  3 deep elf pyromancers
  2 mana vipers
  3 orc sorcerers
  A spectral boulder beetle (Lair:2)
  A wolf spider (Lair:3)
  13 ugly things
  A salamander (Snake:1)
  5 manticores
  A will-o-the-wisp (Swamp:1)
  3 cyclopes
  15 black mambas
  4 elephants (Lair:3)
  3 naga magi (Snake:1)
  An eye of devastation (Gauntlet)
  2 torpor snails
  Maggie (D:6)
  2 gargoyles
  20 cane toads
  A swamp worm zombie (Swamp:4)
  2 unseen horrors
  A rime drake (Lair:5)
  A kobold demonologist (D:11)
  8 komodo dragons
  4 tengu conjurers
  2 polar bears
  9 meliai
  9 trolls
  3 hydra zombies (Swamp:4)
  2 bloated husks
  9 hornets
  Grinder (D:5)
  8 tyrant leeches
  A raiju (shapeshifter) (D:13)
  18 blink frogs
  9 dream sheep
  8 slime creatures
  3 alligator zombies (Swamp:4)
  2 spectral swamp dragons (Swamp:4)
  Sigmund (D:4)
  12 spriggans
  2 shadows
  3 vampires
  45 yaks
  A wraith (D:11)
  3 wyverns
  A golden eye (Gauntlet)
  27 vampire mosquitoes
  3 steam dragons
  2 basilisks (Lair:3)
  9 nagas
  14 swamp worms
  Duvessa (D:6)
  29 water moccasins
  20 orc warriors
  4 swamp dragon zombies (Swamp:4)
  3 swamp drakes
  An ice beast (D:6)
  8 black bears
  2 sky beasts
  5 ogres
  22 wolves
  A centaur (D:8)
  6 kobold brigands
  A phantom (Swamp:3)
  15 bullfrogs
  5 necrophages
  4 scorpions
  A spectral water moccasin (Lair:2)
  11 wights
  Dowan (D:6)
  9 electric eels
  3 howler monkeys
  6 crimson imps (D:10)
  A quasit (D:5)
  A jelly (D:7)
  23 orc priests
  7 hounds
  Ijyb (D:5)
  Jessica (D:2)
  2 iguanas
  Natasha (twice) (D:3)
  20 orc wizards
  A spectral swamp drake (Swamp:4)
  Robin (D:3)
  14 adders
  A swamp drake zombie (Swamp:4)
  8 shadow imps
  25 white imps
  4 ufetubi
  3 worms
  5 dart slugs
  51 orcs
  7 bats
  8 endoplasms
  2 giant cockroaches
  26 goblins
  12 hobgoblins
  4 quokkas
  6 ball pythons
  22 kobolds
  9 rats
859 creatures vanquished.

Vanquished Creatures (others)
  An alligator (Swamp:3)
  A will-o-the-wisp (Swamp:4)
  7 bloated husks
  A phantom (Swamp:4)
  4 foxfires
  86 fungi
  197 plants
  2 starspawn tentacles (Swamp:3)
  5 withered plants (D:15)
304 creatures vanquished.

Grand Total: 1163 creatures vanquished

Notes
Turn   | Place    | Note
-------+----------+-------------------------------------------
     0 | D:1      | cforsyth the Tengu Air Elementalist began the quest for the
                  | Orb.
     0 | D:1      | Reached XP level 1. HP: 10/10 MP: 4/4
   146 | D:1      | Reached XP level 2. HP: 11/15 MP: 0/6
   681 | D:1      | Reached XP level 3. HP: 19/19 MP: 3/7
  1222 | D:2      | Noticed Jessica
  1225 | D:2      | Killed Jessica
  1226 | D:2      | Reached skill level 5 in Air Magic
  1226 | D:2      | Reached XP level 4. HP: 24/24 MP: 5/9
  1280 | D:2      | Noticed a black bear
  1509 | D:2      | Learned a level 3 spell: Swiftness
  1516 | D:2      | Learned a level 4 spell: Airstrike
  2479 | D:3      | Noticed Natasha
  2486 | D:3      | Killed Natasha
  2487 | D:3      | Gained mutation: Your magical nature lets you fly swiftly
                  | and evasively. [Tengu growth]
  2487 | D:3      | Reached XP level 5. HP: 28/28 MP: 5/10
  2652 | D:3      | Noticed Natasha
  2655 | D:3      | Killed Natasha
  2754 | D:3      | Noticed Robin
  2788 | D:3      | Killed Robin
  3075 | D:3      | Found a glowing golden altar of the Shining One.
  3651 | D:4      | Found a snail-covered altar of Cheibriados.
  3702 | D:4      | Noticed an ogre
  3708 | D:4      | Killed an ogre
  3709 | D:4      | Reached XP level 6. HP: 32/32 MP: 5/12
  4029 | D:4      | Noticed a black bear
  4032 | D:4      | Killed a black bear
  4033 | D:4      | Reached skill level 5 in Conjurations
  4184 | D:4      | Reached XP level 7. HP: 28/36 MP: 0/14
  4602 | D:4      | Noticed Sigmund
  4749 | D:4      | Killed Sigmund
  5674 | D:5      | Entered Level 5 of the Dungeon
  5677 | D:5      | Reached skill level 5 in Spellcasting
  5677 | D:5      | Reached XP level 8. HP: 41/41 MP: 7/16
  5864 | D:5      | Noticed Grinder
  5886 | D:5      | Killed Grinder
  6005 | D:5      | Found Kucenyrch's Weapon Boutique.
  6024 | D:5      | Noticed Ijyb
  6029 | D:5      | Killed Ijyb
  6343 | D:5      | Found a burning altar of Makhleb.
  6789 | D:5      | Found an ancient bone altar of Kikubaaqudgha.
  7011 | D:5      | Found a glowing silver altar of Zin.
  7012 | D:5      | Noticed an Executioner
  7012 | D:5      | Noticed an angel
  7025 | D:5      | Reached XP level 9. HP: 45/45 MP: 2/19
  7151 | D:5      | Found a staircase to the Ecumenical Temple.
  7372 | Temple   | Entered the Ecumenical Temple
  7383 | Temple   | Became a worshipper of Vehumet
  7513 | D:6      | Identified the +7 hand axe of Diteep Kuyff {drain, rN+}
  7533 | D:6      | Found a transporter.
  7539 | D:6      | Found a transporter.
  7540 | D:6      | Noticed Dittersdorf's ghost (novice GrFi)
  8160 | D:6      | Noticed Duvessa
  8161 | D:6      | Noticed Dowan
  8222 | D:6      | Killed Duvessa
  8295 | D:6      | Killed Dowan
  8673 | D:6      | Noticed Maggie
  8815 | D:6      | Reached skill level 10 in Air Magic
  9147 | D:6      | Found an iron altar of Okawaru.
  9348 | D:6      | Killed Maggie
  9707 | D:7      | Found a sacrificial altar of Ru.
  9744 | D:7      | Reached skill level 10 in Conjurations
 10861 | D:7      | Reached XP level 10. HP: 50/50 MP: 2/22
 11431 | D:7      | Reached * piety under Vehumet
 11431 | D:7      | Offered knowledge of Freeze by Vehumet.
 12881 | D:8      | Offered knowledge of Momentum Strike by Vehumet.
 12884 | D:8      | Reached ** piety under Vehumet
 13060 | D:8      | Found a blossoming altar of Fedhas.
 14032 | D:9      | Reached skill level 1 in Fighting
 14228 | D:9      | Found Donoyfo's Assorted Antiques.
 14272 | D:9      | Bought a sedimented inky potion for 23 gold pieces
 14272 | D:9      | Bought a pair of runed gloves for 195 gold pieces
 14272 | D:9      | Bought a scroll labelled LUESYRCH YQOGH for 26 gold pieces
 14293 | D:9      | Noticed a two-headed ogre
 14339 | D:9      | Noticed a two-headed ogre
 14490 | D:9      | Killed a two-headed ogre
 14491 | D:9      | Reached XP level 11. HP: 58/58 MP: 11/24
 14520 | D:9      | Killed a two-headed ogre
 14809 | D:9      | Found a white marble altar of Elyvilon.
 15211 | D:9      | Found an ornate altar of the Wu Jian Council.
 15244 | D:10     | Entered Level 10 of the Dungeon
 15293 | D:10     | Found a portal to a secret trove of treasure.
 15363 | D:10     | Found a staircase to the Orcish Mines.
 15594 | D:10     | Offered knowledge of Poisonous Vapours by Vehumet.
 15932 | D:10     | Reached skill level 5 in Dodging
 16115 | D:10     | Found a staircase to the Lair.
 16278 | D:10     | Reached *** piety under Vehumet
 17440 | D:9      | Reached skill level 5 in Fighting
 17547 | D:11     | Identified 2 scrolls of acquirement
 17547 | D:11     | Acquired Doer's Compilation of Bombardment
 17549 | D:11     | Acquired 696 gold pieces
 17747 | D:12     | Noticed a two-headed ogre
 17750 | D:12     | Killed a two-headed ogre
 17777 | D:12     | HP: 3/96 [vampire mosquito (8)]
 17782 | D:12     | Offered knowledge of Frozen Ramparts by Vehumet.
 17842 | D:12     | Noticed a cyclops
 17845 | D:12     | Killed a cyclops
 17871 | D:12     | Noticed a purple ugly thing
 17907 | D:12     | Killed a purple ugly thing
 17908 | D:12     | Reached XP level 12. HP: 48/69 MP: 16/25
 17962 | D:12     | Found a frozen archway.
 17979 | D:12     | HP: 2/70 [red ugly thing (19)]
 18098 | IceCv    | Entered an ice cave
 18486 | D:12     | Found a large runed translucent door.
 18486 | D:12     | Found a large runed translucent door.
 18487 | D:12     | Noticed a four-headed hydra
 18488 | D:12     | Noticed an ogre mage
 18494 | D:12     | Found a large runed translucent door.
 18494 | D:12     | Found a large runed translucent door.
 18510 | D:12     | Noticed a two-headed ogre
 18537 | D:12     | Killed a two-headed ogre
 18538 | D:12     | Reached skill level 15 in Air Magic
 18641 | D:12     | Noticed Josephine
 18961 | D:12     | Killed Josephine
 19345 | D:12     | Reached **** piety under Vehumet
 19493 | D:12     | Noticed a two-headed ogre
 19516 | D:12     | Killed a two-headed ogre
 19589 | D:12     | Noticed a four-headed hydra
 19631 | D:12     | Killed a four-headed hydra
 19728 | D:12     | Got Apliole's Secrets of the Gusty Quake
 19789 | D:12     | Noticed a boulder beetle
 19947 | D:12     | a boulder beetle changed into a quicksilver ooze
 19947 | D:12     | Noticed a quicksilver ooze
 19949 | D:12     | Killed a quicksilver ooze
 20058 | D:12     | Noticed a death knight
 20090 | D:12     | Killed a death knight
 21181 | D:13     | Noticed a centaur warrior
 21184 | D:13     | Killed a centaur warrior
 21252 | D:13     | Noticed a seven-headed hydra
 21254 | D:13     | Noticed Nessos
 21266 | D:13     | Noticed a centaur warrior
 21929 | D:11     | Reached XP level 13. HP: 79/79 MP: 1/26
 22160 | D:11     | Offered knowledge of Lightning Bolt by Vehumet.
 22889 | Lair:1   | Entered Level 1 of the Lair of Beasts
 23102 | D:10     | Learned a level 2 spell: Static Discharge
 23108 | D:10     | Learned a level 5 spell: Lightning Bolt
 23155 | D:10     | Reached skill level 10 in Dodging
 24842 | Lair:1   | Reached ***** piety under Vehumet
 24931 | Lair:1   | Offered knowledge of Olgreb's Toxic Radiance by Vehumet.
 26203 | Lair:1   | Reached skill level 10 in Fighting
 28058 | Lair:2   | Reached XP level 14. HP: 88/88 MP: 1/27
 28203 | Lair:2   | Reached XP level 15. HP: 95/95 MP: 28/28
 28573 | Lair:2   | Found a staircase to the Snake Pit.
 28967 | Lair:2   | Found a staircase to the Swamp.
 29378 | Lair:3   | Found a gate leading to a gauntlet.
 29386 | Gauntlet | Entered a Gauntlet
 29386 | Gauntlet | Found a transporter.
 29386 | Gauntlet | Found a transporter.
 29438 | Gauntlet | Found a transporter.
 29442 | Gauntlet | Found a transporter.
 29452 | Gauntlet | Found a transporter.
 29456 | Gauntlet | Found a transporter.
 29466 | Gauntlet | Found a transporter.
 29487 | Gauntlet | Found a transporter.
 29508 | Gauntlet | Found a transporter.
 29510 | Gauntlet | Found a transporter.
 29523 | Gauntlet | Found a transporter.
 29527 | Gauntlet | Found a transporter.
 29648 | Gauntlet | Identified the +9 spear of Cheese {heavy, *Slow rPois rC+++
                  | Int+4}
 29725 | Gauntlet | Identified the +1 whip of Aleus {venom, rElec rF+}
 29731 | Gauntlet | Identified the ring of Vuomoaci {rPois rN+ MP+9 Int+2
                  | Dex-2}
 29841 | Gauntlet | Identified the +1 hat "Fuetsas" {rPois MP-9 Int+3}
 31506 | Lair:3   | Found a shadowy altar of Dithmenos.
 33043 | Lair:4   | Found a runed translucent door.
 33045 | Lair:4   | Identified the +0 spear of a bailey {spect, rF++ Will-}
 33046 | Lair:4   | Noticed GuildmasterMusic's ghost (journeyman MiFi)
 33421 | Lair:4   | Found the +8 whip "Snakebite" {venom, curare, rPois}
 33662 | Lair:5   | Entered Level 5 of the Lair of Beasts
 34088 | Lair:5   | Offered knowledge of Flame Wave by Vehumet.
 35101 | Lair:5   | Reached skill level 15 in Dodging
 35918 | Lair:5   | Identified the ring "Timoram" {Wiz rF+}
 35983 | Lair:5   | Found a staircase to the Slime Pits.
 35983 | Lair:5   | Found a viscous altar of Jiyva.
 36346 | Orc:1    | Entered Level 1 of the Orcish Mines
 36504 | Orc:2    | Entered Level 2 of the Orcish Mines
 36674 | Orc:2    | Noticed Erolcha
 36736 | Orc:2    | Killed Erolcha
 37214 | Orc:1    | Reached XP level 16. HP: 105/105 MP: 26/29
 37433 | Orc:2    | Found a staircase to the Elven Halls.
 37532 | Orc:2    | Found Pitoilu's Self-Improvement Boutique.
 37673 | Orc:2    | Found Samiapog's Armour Shop.
 38737 | Orc:2    | Found Soirit's Armour Boutique.
 38737 | Orc:2    | Found Zojirim's Magic Scroll Shop.
 38738 | Orc:2    | Found Vikun's Weapon Shop.
 38758 | Orc:2    | Found Ugesh's General Store.
 38783 | Orc:2    | Offered knowledge of Arcjolt by Vehumet.
 39207 | Orc:2    | Bought a manual of Fire Magic for 1200 gold pieces
 39207 | Orc:2    | Bought a manual of Fire Magic for 1200 gold pieces
 39213 | Orc:2    | Learned a level 5 spell: Arcjolt
 39333 | D:13     | Reached skill level 1 in Fire Magic
 39419 | D:13     | Reached skill level 2 in Fire Magic
 39505 | D:13     | Killed Nessos
 39506 | D:13     | Reached skill level 3 in Fire Magic
 39660 | D:13     | Reached skill level 4 in Fire Magic
 40021 | D:14     | Noticed Rupert
 40024 | D:14     | Reached skill level 5 in Fire Magic
 40030 | D:14     | Reached skill level 6 in Fire Magic
 40033 | D:14     | Paralysed by Rupert for 4 turns
 40038 | D:14     | HP: 5/105 [Rupert/+2 heavy great mace (18)]
 40039 | D:14     | Killed Rupert
 40040 | D:14     | Reached skill level 7 in Fire Magic
 40225 | D:14     | Reached skill level 8 in Fire Magic
 40637 | D:14     | Reached skill level 9 in Fire Magic
 40639 | D:14     | Reached skill level 10 in Fire Magic
 41013 | D:13     | Reached skill level 11 in Fire Magic
 41383 | D:14     | Found a gate to the Vaults.
 41632 | D:14     | Reached skill level 12 in Fire Magic
 41971 | D:15     | Entered Level 15 of the Dungeon
 42226 | D:14     | Reached skill level 13 in Fire Magic
 42234 | D:14     | Learned a level 5 spell: Fireball
 42681 | D:15     | Reached skill level 14 in Fire Magic
 42812 | D:15     | Reached skill level 15 in Fire Magic
 42978 | D:15     | Found a staircase to the Depths.
 43217 | D:15     | Found a shadowy altar of Dithmenos.
 44071 | Swamp:1  | Entered Level 1 of the Swamp
 44074 | Swamp:1  | Reached skill level 16 in Fire Magic
 44318 | Swamp:1  | Reached XP level 17. HP: 110/110 MP: 27/31
 44323 | Swamp:1  | Offered knowledge of Starburst by Vehumet.
 44684 | Swamp:1  | Reached skill level 17 in Fire Magic
 45153 | Swamp:1  | Reached skill level 18 in Fire Magic
 46186 | Swamp:2  | Reached skill level 19 in Fire Magic
 47171 | Swamp:3  | Noticed Nikola
 47201 | Swamp:2  | Reached skill level 20 in Fire Magic
 47484 | Swamp:2  | Killed Nikola
 48184 | Swamp:3  | Reached skill level 21 in Fire Magic
 48761 | Swamp:4  | Entered Level 4 of the Swamp
 50281 | Swamp:4  | Noticed a bone dragon
 51203 | Swamp:3  | Offered knowledge of Spellforged Servitor by Vehumet.
 51558 | Swamp:4  | Reached skill level 22 in Fire Magic
 51983 | Swamp:4  | Noticed Mlioglotl
 51996 | Swamp:4  | Noticed a bone dragon
 52032 | Swamp:3  | Noticed a tentacled starspawn
 52032 | Swamp:3  | Noticed a Hell Sentinel
 52033 | Swamp:3  | Killed Mlioglotl
 52992 | Swamp:4  | Got a decaying rune of Zot
 53161 | Snake:1  | Entered Level 1 of the Snake Pit
 53315 | Snake:1  | Reached XP level 18. HP: 116/116 MP: 30/32
 54690 | Lair:2   | HP: 8/174 [constriction[a naga ritualist] (2)]
 54693 | Lair:2   | Slain by an anaconda

Illustrated notes

Levels and vault maps discovered:
D:1:      amcnicky_arrival_choice, layout_basic, nrook_loot_triangle,
          corexii_corridor_pit, chequers_serial_rivers_room_b
D:2:      cheibrodos_greedy_goblins, layout_basic, dreamdust_mushroom_princess,
          uniq_jessica
D:3:      layout_basic, mainiacjoe_overflow_concentric_impassable,
          serial_forest, infiniplex_forest_straight_3,
          infiniplex_forest_straight_4, infiniplex_forest_clump_double,
          infiniplex_forest_clump_cross, infiniplex_forest_join,
          infiniplex_forest_clump_medium, infiniplex_forest_straight_1,
          minmay_bisected, uniq_robin, uniq_natasha
D:4:      layout_cave_pods, general_overflow_altar, uniq_sigmund
D:5:      layout_basic, grunt_temple_overflow_order_and_chaos_2,
          lemuel_doored_altar, minmay_temple_entry_nine_rooms, serial_demonic,
          serial_demonic_f, serial_demonic_d, serial_demonic_d,
          serial_demonic_a, serial_shops, nicolae_shop_bloodbath_and_beyond,
          grunt_ministairs_12, hangedman_decor_lopped, nrook_mini_backslash,
          uniq_ijyb, uniq_grinder
D:6:      layout_layer_cave, hellmonk_okawaru_the_only_friend_you_need,
          gammafunk_ghost_stat_death, uniq_duvessa, uniq_maggie
D:7:      layout_layer_cave, mainiacjoe_overflow_small_starburst
D:8:      layout_rooms, fedhas_altar_3, serial_bayou, serial_bayou_pond_e,
          serial_bayou_shore_b, serial_bayou_pond_d, serial_bayou_lake_a,
          minmay_fractal_squares_5
D:9:      layout_basic, mainiacjoe_overflow_cross_hatched, kennysheep_mini,
          serial_shops, kennysheep_little_box, nicolae_benzene_ring,
          hangedman_decor_opposing, feat_on_display
D:10:     layout_small_grid, grunt_lair_entry_orc_guard_hut, orc_0_dummy,
          enter_trove_6, minmay_nine_imps
D:11:     layout_long_grid, serial_glass, glass_columns_b, glass_columns_a,
          fungi_pond_lemuel
D:12:     layout_basic, portal_ice_cave_entry_imps,
          minmay_hollow_rounded_squares, uniq_josephine
D:13:     layout_stronghold, uniq_nessos
D:14:     layout_loops_corners, erik_vaults_2, minmay_misc_feat_five,
          uniq_rupert
D:15:     gammafunk_depths_entry_grave, layout_gridville,
          chequers_serial_rivers_room_b, grunt_dithmenos_smoke_and_mirrors
Temple:   nicolae_temple_bog_church
Lair:1:   layout_loops_ring, st_stairs_5, beast_lair_carwin_1,
          grunt_megastairs_5
Lair:2:   nzn_winding_woodlands_three_and_one
          [nzn_winding_woodlands_5x15_zeroes,
          nzn_winding_woodlands_5x15_pockets, nzn_winding_woodlands_5x15_cabin,
          nzn_winding_woodlands_center_triple_pond], layout_gridlike,
          nicolae_swamp_entry_spooky, guppyfry_snake_entry_garden
Lair:3:   minmay_lair_venomous_thicket, layout_layer_cave, basic_altar,
          gauntlet_entry_generic, beast_lair_carwin_4
Lair:4:   minmay_guarded_unrand_snakebite, layout_regular_city,
          ebering_ghost_funeral_grove
Lair:5:   minmay_lair_end_frog_pond, layout_long_grid, slime_entry_1
Swamp:1:  nicolae_swamp_long_stream, layout_basic_swamp, hangedman_swamp_cone,
          swamp_pool1
Swamp:2:  layout_basic_swamp, nicolae_swamp_well_well_well
Swamp:3:  layout_basic_swamp, nicolae_swamp_trees_clearing, uniq_nikola
Swamp:4:  swamp_pestilence, layout_basic_swamp, infiniplex_staircase_pool_2,
          uniq_mlioglotl
Snake:1:  minmay_snake_river, layout_onion, grunt_ministairs_3,
          minmay_shoptagon, uniq_aizul
Orc:1:    layout_caves, kennysheep_orc_chapel
Orc:2:    st_orc_mages, layout_diamond_mine, serial_shops,
          nicolae_shop_hallway_plus, nicolae_shop_self_help, uniq_erolcha

Skill      XL: |  1  2  3  4  5  6  7  8  9 10 11 12 13 14 15 16 17 18 |
---------------+-------------------------------------------------------+-----
Conjurations   | 2 3 4 5 6 8 10 12 13 | 13.2
Air Magic      | 5 6 7 9 11 12 14 16 17 18 | 18.1
Spellcasting   | 3 4 5 6 7 8 9 |  9.7
Fighting       | 2 5 8 10 11 13 | 13.9
Dodging        | 3 6 9 11 12 15 | 15.3
Fire Magic     | 16 22 | 22.4
Stealth        | |  2.0

Action                     |  1- 3 |  4- 6 |  7- 9 | 10-12 | 13-15 | 16-18 || total
---------------------------+-------+-------+-------+-------+-------+-------++-------
  Melee: Unarmed           |     4 |       |     4 |     8 |       |       ||    16
         Kick              |     1 |       |       |       |    23 |    41 ||    65
         Peck              |     1 |       |       |       |    15 |    18 ||    34
         Punch             |       |       |       |     1 |     2 |     2 ||     5
         Whip              |       |       |       |       |    54 |    76 ||   130
   Cast: Shock             |    63 |   115 |   127 |   183 |   123 |    11 ||   622
         Airstrike         |       |     5 |    79 |   268 |   345 |   637 ||  1334
         Lightning Bolt    |       |       |       |       |   162 |    46 ||   208
         Arcjolt           |       |       |       |       |       |   100 ||   100
         Fireball          |       |       |       |       |       |    33 ||    33
         Swiftness         |       |       |       |       |       |     1 ||     1
  Evoke: Wand              |       |       |       |     5 |    15 |    11 ||    31
    Use: Scroll            |       |       |     6 |    21 |     6 |     7 ||    40
         Potion            |       |       |       |     8 |     2 |     5 ||    15
 Armour: Robe              |     8 |       |    16 |     3 |       |       ||    27
         Skin              |       |       |       |    40 |       |       ||    40
         Troll leather arm |       |       |       |    41 |    59 |    90 ||   190
  Dodge: Dodged            |    11 |     4 |    44 |   278 |   454 |   402 ||  1193
  Block: Other             |       |       |       |       |    88 |   109 ||   197
         Reflection        |       |       |       |       |     1 |    11 ||    12

Table legend: (Time is in decaauts)
 A = Elapsed time spent in this place.
 B = Non-inter-level travel time spent in this place.
 C = Inter-level travel time spent in this place.
 D = Time resting spent in this place.
 E = Time spent auto-exploring this place.
 F = Levels seen in this place.
 G = Mean time per level.
                   A        B        C        D        E       F      G
               +--------+--------+--------+--------+--------+-----+--------+
         Total |  52747 |  51232 |   1515 |  13762 |  28902 |  30 | 1758.2 |
       Dungeon |  27592 |  26520 |   1072 |   5320 |  16895 |  15 | 1839.5 |
        Temple |     20 |     10 |     10 |      0 |      0 |   1 |   20.0 |
          Lair |  12415 |  12165 |    250 |   3864 |   6242 |   5 | 2483.0 |
         Swamp |   8762 |   8607 |    155 |   3581 |   3662 |   4 | 2190.5 |
     Snake Pit |    552 |    552 |      0 |    139 |    261 |   1 |  552.0 |
  Orcish Mines |   2828 |   2804 |     24 |    629 |   1757 |   2 | 1414.0 |
      Ice Cave |      3 |      3 |      0 |      0 |      0 |   1 |    3.0 |
      Gauntlet |    572 |    572 |      0 |    225 |     82 |   1 |  572.0 |
               +--------+--------+--------+--------+--------+-----+--------+

Top non-repeatable levels by time:
  Lair:2: 3296 daAuts
    D:10: 3270 daAuts
  Lair:1: 3227 daAuts
    D:12: 3018 daAuts
 Swamp:3: 2875 daAuts
     D:7: 2684 daAuts
  Lair:4: 2470 daAuts
 Swamp:2: 2238 daAuts
  Lair:3: 2146 daAuts
     D:6: 2082 daAuts
 Swamp:4: 2054 daAuts
    D:14: 2053 daAuts
     D:9: 1707 daAuts
   Orc:2: 1690 daAuts
     D:4: 1626 daAuts
